 Dungeon Crawl Stone Soup version 0.27-a0-1196-g3e9cee4cb2 (webtiles) character file.

Game seed: 3202188952363294746

159978 HoaS the Marksgargoyle (level 17, -6/108 HPs)
             Began as a Gargoyle Gladiator on May 25, 2021.
             Was a High Priest of Okawaru.
             Mangled by an emperor scorpion (14 damage)
             ... on level 4 of the Spider Nest on May 27, 2021.
             The game lasted 01:51:14 (40324 turns).

HoaS the Marksgargoyle (Gargoyle Gladiator)        Turns: 40324, Time: 01:51:14

Health: -6/108     AC: 49    Str: 23    XL:     17   Next: 75%
Magic:  24/24      EV: 16    Int: 11    God:    Okawaru [*****.]
Gold:   1125       SH:  0    Dex: 23    Spells: 16/16 levels left

rFire    . . .     SeeInvis .   w - +1 quarterstaff (speed)
rCold    . . .     Faith    .   (shield currently unavailable)
rNeg     + . .     Spirit   .   h - +6 plate armour {rPois}
rPois    ∞         Reflect  .   c - +2 helmet
rElec    +         Harm     .   F - +2 cloak {rCorr}
rCorr    +         Rampage  .   u - +2 pair of gloves
Will     +....                  p - +2 pair of boots
Stlth    ..........             I - amulet of the acrobat
HPRegen  0.28/turn              G - +6 ring of dexterity
MPRegen  0.19/turn              j - +6 ring of dexterity

@: mighty, heroic, flying, studying Dodging
A: sickness immunity, AC +12, big wings, negative energy resistance 1,
electricity resistance, torment resistance 1, petrification resistance
a: Renounce Religion, Heroism, Finesse


You were on level 4 of the Spider Nest.
You worshipped Okawaru.
Okawaru was extremely pleased with you.
You visited 5 branches of the dungeon, and saw 28 of its levels.
You also visited: Ossuary and Bailey.

You collected 3563 gold pieces.
You spent 2438 gold pieces at shops.

Inventory:

Hand Weapons
 q - a +6 longbow of flaming
 w - a +1 quarterstaff of speed (weapon)
Missiles
 f - 818 arrows
 x - 2 throwing nets (quivered)
Armour
 c - a +2 helmet (worn)
 h - a +6 plate armour of poison resistance (worn)
 p - a +2 pair of boots (worn)
 u - a +2 pair of gloves (worn)
 F - a +2 cloak of preservation (worn)
Jewellery
 j - a +6 ring of dexterity (right hand)
 o - a ring of see invisible
 s - a ring of willpower
 A - a +6 ring of strength
 G - a +6 ring of dexterity (left hand)
 I - an amulet of the acrobat (around neck)
 K - a +6 ring of strength
 N - a ring of positive energy
Wands
 r - a wand of flame (47)
 v - a wand of mindburst (21)
 C - a wand of digging (5)
 D - a wand of paralysis (25)
 H - a wand of iceblast (14)
 O - a wand of acid (19)
 Q - a wand of polymorph (10)
Scrolls
 a - 2 scrolls of silence
 d - 3 scrolls of vulnerability
 g - 10 scrolls of teleportation
 y - 2 scrolls of magic mapping
 z - 2 scrolls of blinking
 J - 9 scrolls of identify
 M - 2 scrolls of summoning
 R - a scroll of brand weapon
Potions
 b - 8 potions of ambrosia
 e - 4 potions of haste
 i - 5 potions of lignification
 k - 5 potions of attraction
 l - 3 potions of berserk rage
 m - 7 potions of curing
 n - 6 potions of might
 t - 2 potions of mutation
 B - 3 potions of cancellation
 E - 3 potions of resistance
 P - 3 potions of invisibility


   Skills:
 * Level 12.9(17.9) Fighting
 - Level 14.0(19.0) Staves
 - Level 20.0(25.0) Bows
 - Level 1.7(6.7) Throwing
 + Level 9.2(14.2) Armour
 + Level 9.0(14.0) Dodging
 - Level 10.0 Invocations


You had 16 spell levels left.
You didn't know any spells.
Your spell library contained the following spells:

 Spells                   Type           Power      Damage    Failure   Level
 Animate Skeleton         Necr           0%         N/A       97%         1
 Apportation              Tloc           0%         N/A       97%         1
 Beastly Appendage        Tmut           0%         N/A       97%         1
 Corona                   Hex            0%         N/A       97%         1
 Magic Dart               Conj           0%         1d3       97%         1
 Pain                     Necr           0%         1d4       97%         1
 Sting                    Tmut/Pois      0%         1d3       97%         1
 Summon Small Mammal      Summ           0%         N/A       97%         1
 Blink                    Tloc           N/A        N/A       99%         2
 Call Imp                 Summ           0%         N/A       99%         2
 Passwall                 Tmut/Erth      0%         N/A       99%         2
 Searing Ray              Conj           0%         3d3       99%         2
 Slow                     Hex            0%         N/A       99%         2
 Wereblood                Tmut           0%         N/A       99%         2
 Call Canine Familiar     Summ           0%         N/A       100%        3
 Dazzling Flash           Conj/Hex       0%         N/A       100%        3
 Gell's Gravitas          Tloc           0%         N/A       100%        3
 Ignite Poison            Fire/Tmut/Pois 0%         N/A       100%        3
 Inner Flame              Hex/Fire       0%         N/A       100%        3
 Lesser Beckoning         Tloc           0%         N/A       100%        3
 Portal Projectile        Hex/Tloc       0%         N/A       100%        3
 Spider Form              Tmut/Pois      0%         N/A       100%        3
 Summon Guardian Golem    Hex/Summ       0%         N/A       100%        3
 Teleport Other           Tloc           0%         N/A       100%        3
 Tukima's Dance           Hex            0%         N/A       100%        3
 Vampiric Draining        Necr           0%         2d6       100%        3
 Animate Dead             Necr           0%         N/A       100%        4
 Cause Fear               Hex            0%         N/A       100%        4
 Fulminant Prism          Conj/Hex       0%         3d6       100%        4
 Ice Form                 Ice/Tmut       0%         N/A       100%        4
 Iskenderun's Mystic Bla  Conj/Tloc      0%         2d3       100%        4
 Leda's Liquefaction      Hex/Erth       0%         N/A       100%        4
 Sticky Flame             Conj/Fire      0%         2d3       100%        4
 Summon Ice Beast         Ice/Summ       0%         N/A       100%        4
 Summon Lightning Spire   Summ/Air       0%         N/A       100%        4
 Agony                    Necr           0%         N/A       100%        5
 Alistair's Intoxication  Tmut/Pois      0%         N/A       100%        5
 Borgnjor's Vile Clutch   Necr/Erth      0%         N/A       100%        5
 Irradiate                Conj/Tmut      0%         3d14      100%        5
 Manifold Assault         Tloc           0%         N/A       100%        5
 Yara's Violent Unravell  Hex/Tmut       0%         3d3       100%        5
 Blade Hands              Tmut           0%         N/A       100%        6
 Death Channel            Necr           0%         N/A       100%        6
 Eringya's Noxious Bog    Tmut/Pois      0%         N/A       100%        6
 Freezing Cloud           Conj/Ice/Air   0%         6-21      100%        6
 Invisibility             Hex            0%         N/A       100%        6
 Iron Shot                Conj/Erth      0%         9d1       100%        6
 Simulacrum               Ice/Necr       0%         N/A       100%        6
 Dragon Form              Tmut           0%         N/A       100%        7
 Ozocubu's Refrigeration  Ice            0%         4d5       100%        7
 Statue Form              Tmut/Erth      Unusable   N/A       N/A         6

Dungeon Overview and Level Annotations

Branches:
Dungeon (15/15)            Temple (1/1) D:6            Lair (6/6) D:10
 Shoals (0/4) Lair:2       Spider (4/4) Lair:3        Slime (0/5) Lair:6
    Orc (2/2) D:9             Elf (0/3) Orc:2        Vaults (0/5) D:13
 Depths (0/5) D:15        Ossuary (visited)          Bailey (visited)

Altars:
Ashenzari
Cheibriados
Dithmenos
Elyvilon
Fedhas
Gozag
Hepliaklqana
Makhleb
Nemelex Xobeh
Okawaru
Qazlal
Ru
Sif Muna
Trog
Uskayaw
Vehumet
Wu Jian
Xom
Yredelemnul
Zin
The Shining One
Beogh
Lugonu

Shops:
D:9 (   D:10 *   D:11 =   D:13 =   Orc:2 :?(*

Portals:
Abyss: Spider:1


Innate Abilities, Weirdness & Mutations

You are immune to sickness and miasma.
Your stone body is resilient. (AC +12)
You are immune to poison.
Your large and strong wings let you fly.
You resist negative energy. (rN+)
You are resistant to electric shocks. (rElec)
You are resistant to unholy torment.
You are immune to petrification.


Message History

The wolf spider hits you but does no damage.
The wolf spider misses you.
The redback bites you but does no damage.
You sock the redback!
You kill the redback!
Okawaru accepts your kill.
The emperor scorpion completely misses you. x2
The emperor scorpion closely misses you.
The wolf spider hits you!
* * * LOW HITPOINT WARNING * * *
The wolf spider misses you.
Items here: ††††.
The emperor scorpion completely misses you.
The emperor scorpion misses you.
The emperor scorpion closely misses you.
The wolf spider hits you but does no damage.
The wolf spider completely misses you.
You barely miss the emperor scorpion.
The emperor scorpion closely misses you.
The emperor scorpion misses you.
The emperor scorpion completely misses you.
You barely miss the emperor scorpion.
The wolf spider hits you but does no damage.
The wolf spider bites you but does no damage.
You sock the emperor scorpion!
The emperor scorpion is lightly wounded.
You sock the emperor scorpion!
The emperor scorpion is moderately wounded.
The wolf spider misses you. The wolf spider closely misses you.
The emperor scorpion closely misses you.
The emperor scorpion claws you but does no damage.
The emperor scorpion misses you.
You bludgeon the emperor scorpion!!
The emperor scorpion is moderately wounded.
The wolf spider closely misses you. The wolf spider bites you.
* * * LOW HITPOINT WARNING * * *
You sock the emperor scorpion!
The emperor scorpion is heavily wounded.
The emperor scorpion stings you!
You die...

...#......#(..#..#
.......##.#.....##
...^#..^....#....#
.#........(......####
.#.....#.^.†###..!..###.
........##.####..#.#^..#
.^#...###### #.#......#.
.....## ##ss...#..
#..^..# #.(@#.#....
.#....# #..#.#....#
^##..## ...^.##.##..
###.#.# ....#... .# #
#....# ...#.... . ##..##
.#^^^... .. ####
^..#.... .# #...#. ^.


You could see an emperor scorpion and a wolf spider.

Vanquished Creatures
  Nikola (Spider:1)
  5 emperor scorpions
  An orc warlord (Orc:2)
  The ghost of Stick the Thaumaturge, a journeyman DjFE of Cheibriados (Spider:1)
  5 entropy weavers
  Nessos (D:15)
  Josephine (D:15)
  5 vault guards (D:13)
  8 hydras
  6 boulder beetles
  2 rakshasas
  3 centaur warriors
  An ogre mage (D:13)
  A catoblepas (Lair:1)
  3 two-headed ogres
  2 death knights
  4 death yaks (Lair:6)
  2 tengu warriors (D:13)
  Urug (D:11)
  4 orc high priests (Orc:2)
  2 deep elf knights (D:13)
  Sonja (D:11)
  4 skeletal warriors
  A deep troll (D:15)
  A glowing orange brain (D:15)
  3 orc knights (Orc:2)
  A phantasmal warrior (D:11)
  28 wolf spiders
  A deep elf pyromancer (D:13)
  17 orb spiders
  5 orc sorcerers
  3 cyclopes
  2 manticores
  2 oklob plants (Lair:6)
  A salamander (Lair:5)
  11 ugly things
  2 moths of wrath (Spider:3)
  A salamander (shapeshifter) (D:13)
  6 black mambas
  A gargoyle (D:10)
  28 cane toads
  5 komodo dragons
  A yaktaur (D:11)
  5 rime drakes
  2 efreet
  An unseen horror (D:12)
  2 freezing wraiths
  7 demonic crawlers
  6 meliai
  19 jumping spiders
  A polar bear (Lair:3)
  3 hornets
  5 trolls
  5 tyrant leeches (Lair:6)
  A troll (shapeshifter) (D:15)
  20 slime creatures
  30 blink frogs
  26 tarantellas
  62 redbacks
  60 yaks
  2 vampires
  12 wraiths
  5 basilisks
  5 wyverns
  2 steam dragons
  8 vampire mosquitoes
  Grum (D:9)
  Menkaure (D:7)
  5 wargs
  15 water moccasins
  Duvessa (D:7)
  An acid dragon (D:13)
  A floating eye (Lair:5)
  50 orc warriors
  3 ice beasts
  A black bear (Lair:1)
  13 ogres
  A necrophage (D:4)
  A sky beast (D:6)
  18 centaurs
  23 wolves
  Blork the orc (D:5)
  2 kobold brigands
  25 bullfrogs
  10 gnoll sergeants
  5 scorpions
  5 water moccasin zombies (Ossuary)
  Dowan (D:7)
  7 killer bees
  7 wights
  A howler monkey (D:11)
  3 electric eels
  2 centaur zombies
  4 hounds
  7 jellies
  33 orc priests
  6 gnoll shamans (Bailey)
  6 iguanas
  10 hell rats
  21 orc wizards
  A hound zombie (D:5)
  2 mummies (Ossuary)
  2 hound skeletons (D:4)
  A howler monkey zombie (D:8)
  24 gnolls
  9 adders
  A howler monkey skeleton (D:6)
  2 shadow imps
  A white imp (D:6)
  2 ufetubi
  3 adder zombies (Ossuary)
  2 dart slugs (D:3)
  121 orcs
  8 ball pythons
  11 endoplasms
  5 giant cockroaches
  5 gnoll zombies (Ossuary)
  9 goblins
  5 hobgoblins
  6 jackals
  11 kobolds
  2 quokkas
  3 bats
  A frilled lizard (D:2)
  4 hobgoblin zombies (Ossuary)
  3 kobold zombies (Ossuary)
  3 orc zombies (Ossuary)
  A quokka skeleton (D:4)
  9 rats
  A fire vortex (Lair:5)
  A lurking horror (Spider:1)
1023 creatures vanquished.

Vanquished Creatures (others)
  A wolf spider (Spider:2)
  2 orb spiders
  A bush (Lair:6)
  A butterfly (D:3)
  42 fungi
  A lurking horror (Spider:1)
  132 plants
180 creatures vanquished.

Grand Total: 1203 creatures vanquished

Notes
Turn   | Place    | Note
-------+----------+-------------------------------------------
     0 | D:1      | HoaS the Gargoyle Gladiator began the quest for the Orb.
     0 | D:1      | Reached XP level 1. HP: 12/12 MP: 1/1
    93 | D:1      | Reached XP level 2. HP: 16/17 MP: 2/2
   554 | D:1      | Reached XP level 3. HP: 17/21 MP: 3/3
  1465 | D:2      | Reached XP level 4. HP: 26/26 MP: 4/4
  1479 | D:2      | Found a faded altar of an unknown god.
  1670 | D:3      | Found a stormy altar of Qazlal.
  1673 | D:3      | Noticed a scorpion
  1681 | D:3      | Killed a scorpion
  1682 | D:3      | Reached skill level 5 in Staves
  1682 | D:3      | Reached XP level 5. HP: 28/30 MP: 5/5
  1938 | D:3      | Found a white marble altar of Elyvilon.
  2421 | D:4      | Reached XP level 6. HP: 32/35 MP: 6/6
  2517 | D:4      | Identified the +11 whip "Raria" {vorpal, Str+5 Dex+3}
  2959 | D:4      | Identified Sif Muna's Collected Works on the Earthen Blaze
  3019 | D:4      | Found a burning altar of Makhleb.
  3024 | D:4      | Noticed a necrophage
  3029 | D:4      | Killed a necrophage
  3030 | D:4      | Reached XP level 7. HP: 40/40 MP: 7/7
  3251 | D:5      | Entered Level 5 of the Dungeon
  3554 | D:5      | Reached XP level 8. HP: 36/44 MP: 8/8
  3619 | D:5      | Noticed Blork the orc
  3635 | D:5      | Killed Blork the orc
  3640 | D:5      | Reached skill level 10 in Staves
  3820 | D:6      | Noticed a wraith
  3827 | D:6      | Killed a wraith
  4102 | D:6      | Noticed a manticore
  4111 | D:6      | Killed a manticore
  4112 | D:6      | Reached skill level 2 in Bows
  4112 | D:6      | Reached XP level 9. HP: 48/48 MP: 9/9
  4204 | D:6      | Found a staircase to the Ecumenical Temple.
  4210 | Temple   | Entered the Ecumenical Temple
  4449 | Temple   | Became a worshipper of Warmaster Okawaru
  4670 | D:7      | Found a sand-covered staircase.
  4678 | Ossuary  | Entered an ossuary
  4697 | Ossuary  | Reached skill level 1 in Invocations
  4892 | D:7      | Noticed Duvessa
  4892 | D:7      | Noticed Dowan
  4900 | D:7      | Killed Duvessa
  4900 | D:7      | Reached * piety under Okawaru
  4904 | D:7      | Killed Dowan
  4917 | D:7      | Found a flagged portal.
  4932 | Bailey   | Entered a bailey
  6054 | Bailey   | HP: 2/48 [gnoll sergeant/+0 glaive (4)]
  6082 | Bailey   | Reached XP level 10. HP: 34/53 MP: 9/12
  7233 | D:6      | Found a blossoming altar of Fedhas.
  7233 | D:6      | Found a shadowy altar of Dithmenos.
  7234 | D:6      | Found an opulent altar of Gozag.
  7244 | D:6      | Found an ornate altar of the Wu Jian Council.
  7782 | D:7      | Reached ** piety under Okawaru
  7783 | D:7      | Noticed Menkaure
  7790 | D:7      | Killed Menkaure
  8312 | D:8      | Reached skill level 1 in Armour
  8327 | D:8      | Reached skill level 3 in Bows
  8524 | D:8      | Reached *** piety under Okawaru
  9282 | D:8      | Reached skill level 4 in Bows
  9405 | D:9      | Reached XP level 11. HP: 60/62 MP: 11/14
  9422 | D:9      | Reached **** piety under Okawaru
  9423 | D:9      | Reached skill level 5 in Fighting
  9700 | D:9      | Reached skill level 5 in Bows
  9806 | D:9      | Noticed Grum
  9846 | D:9      | HP: 2/64 [wolf[Grum] (5)]
 10131 | D:9      | Killed Grum
 10240 | D:9      | Found Woad's Antique Weapon Shoppe.
 10265 | D:9      | Bought a longbow for 148 gold pieces
 10332 | D:9      | Found a staircase to the Orcish Mines.
 10551 | D:10     | Entered Level 10 of the Dungeon
 10551 | D:10     | Found Jiopoz's General Store.
 10568 | D:10     | Identified the Volume of the Boar
 10595 | D:10     | Reached skill level 5 in Invocations
 10799 | D:10     | Found a staircase to the Lair.
 10814 | D:10     | Reached ***** piety under Okawaru
 10965 | D:10     | Received a gift from Okawaru
 11600 | Lair:1   | Entered Level 1 of the Lair of Beasts
 11705 | Lair:1   | Reached skill level 6 in Bows
 12000 | Lair:1   | Noticed an eight-headed hydra
 12012 | Lair:1   | Killed an eight-headed hydra
 12013 | Lair:1   | Reached XP level 12. HP: 35/72 MP: 8/16
 12027 | Lair:1   | Noticed a catoblepas
 12029 | Lair:1   | Noticed a seven-headed hydra
 12036 | Lair:1   | Killed a catoblepas
 12037 | Lair:1   | Reached skill level 7 in Bows
 12037 | Lair:1   | Reached skill level 5 in Armour
 12057 | Lair:1   | Killed a seven-headed hydra
 12750 | Lair:2   | Noticed a boulder beetle
 12767 | Lair:2   | Killed a boulder beetle
 13052 | Lair:2   | Noticed a four-headed hydra
 13061 | Lair:2   | Killed a four-headed hydra
 13062 | Lair:2   | Reached skill level 5 in Dodging
 13263 | Lair:2   | Found a staircase to the Shoals.
 13335 | Lair:2   | Found an iron altar of Okawaru.
 13710 | Lair:2   | Identified a scroll of acquirement
 13710 | Lair:2   | Acquired 790 gold pieces
 13754 | Lair:3   | Found a hole to the Spider Nest.
 13765 | Lair:3   | Received a gift from Okawaru
 13786 | Lair:3   | Reached skill level 8 in Bows
 14021 | Lair:3   | Noticed a five-headed hydra
 14031 | Lair:3   | Killed a five-headed hydra
 14093 | Lair:3   | Received a gift from Okawaru
 14498 | Lair:3   | Received a gift from Okawaru
 14499 | Lair:3   | Reached XP level 13. HP: 80/80 MP: 18/18
 14582 | Lair:3   | Reached skill level 9 in Bows
 16572 | Lair:5   | Reached skill level 10 in Bows
 17277 | Lair:6   | Entered Level 6 of the Lair of Beasts
 17299 | Lair:6   | Received a gift from Okawaru
 17361 | Lair:6   | Reached skill level 11 in Bows
 17994 | Lair:6   | Gained mutation: Your large and strong wings let you fly.
                  | [Gargoyle growth]
 17994 | Lair:6   | Reached XP level 14. HP: 63/87 MP: 21/21
 18010 | Lair:6   | Reached skill level 12 in Bows
 18494 | Lair:5   | Reached skill level 13 in Bows
 18502 | Lair:5   | Paralysed by a floating eye for 3 turns
 19188 | Lair:6   | Received a gift from Okawaru
 19423 | Lair:6   | Reached skill level 14 in Bows
 19934 | Lair:6   | Found a staircase to the Slime Pits.
 20741 | D:11     | Noticed Sonja
 20745 | D:11     | Killed Sonja
 20826 | D:11     | Found Zicudeih's Jewellery Shoppe.
 21160 | D:12     | Noticed Urug
 21493 | D:11     | Killed Urug
 21522 | D:11     | Reached skill level 15 in Bows
 21879 | D:12     | Reached skill level 10 in Invocations
 22201 | D:12     | Identified the +5 scale mail of HoaS's Honour {+Blink rC+}
                  | (Okawaru gifted it to you on level 12 of the Dungeon)
 22201 | D:12     | Received a gift from Okawaru
 22202 | D:12     | Reached XP level 15. HP: 36/92 MP: 22/22
 23092 | Orc:1    | Entered Level 1 of the Orcish Mines
 23134 | Orc:1    | Upgraded the game from 0.27-a0-1193-g8631133539 to
                  | 0.27-a0-1196-g3e9cee4cb2
 23997 | Orc:2    | Entered Level 2 of the Orcish Mines
 24416 | Orc:2    | Reached skill level 16 in Bows
 24524 | Orc:2    | Identified the +9 falchion of Defilement {venom, Dex+2}
 25199 | Orc:2    | Found Seonulus's Assorted Antiques.
 25468 | Orc:2    | Found Ujuaf's Weapon Shoppe.
 25753 | Orc:2    | Noticed an orc warlord
 25944 | Orc:2    | Killed an orc warlord
 26247 | Orc:2    | Found a staircase to the Elven Halls.
 26680 | Orc:2    | Found Goc Otego's Book Emporium.
 26725 | Orc:2    | Found Mioshaoz's Magic Scroll Boutique.
 26745 | Orc:2    | Bought a scroll of enchant weapon for 112 gold pieces
 26745 | Orc:2    | Bought a scroll of enchant weapon for 112 gold pieces
 26745 | Orc:2    | Bought a scroll of brand weapon for 300 gold pieces
 26820 | Orc:2    | Reached skill level 17 in Bows
 27315 | Orc:2    | Bought a manual of Dodging for 1766 gold pieces
 27789 | D:13     | Received a gift from Okawaru
 28313 | D:13     | Found Tofaum's Jewellery Boutique.
 28438 | D:13     | Received a gift from Okawaru
 28941 | D:13     | Received a gift from Okawaru
 29210 | D:13     | Found a gate to the Vaults.
 29233 | D:13     | Reached skill level 18 in Bows
 29243 | D:13     | Received a gift from Okawaru
 29268 | D:13     | Reached XP level 16. HP: 58/97 MP: 19/23
 29541 | D:13     | Identified the +0 cloak "Raclac" {rPois rF+ Will+ Int-3}
 29562 | D:13     | Received a gift from Okawaru
 30271 | D:14     | Found a stormy altar of Qazlal.
 30625 | D:15     | Entered Level 15 of the Dungeon
 30932 | D:15     | Noticed Josephine
 30939 | D:15     | Killed Josephine
 31078 | D:15     | Received a gift from Okawaru
 31244 | D:15     | Noticed Nessos
 31265 | D:15     | Killed Nessos
 31521 | D:15     | Reached skill level 19 in Bows
 31622 | D:15     | Identified the +6 falchion of Fear {vorpal, rN+++ rCorr
                  | Stlth+}
 32054 | D:15     | Found a staircase to the Depths.
 32455 | Spider:1 | Entered Level 1 of the Spider Nest
 32640 | Spider:1 | Identified the +6 bardiche of Eternity {spect, *Slow rPois
                  | Int+3 Dex+6} (Okawaru gifted it to you on level 1 of the
                  | Spider Nest)
 32640 | Spider:1 | Received a gift from Okawaru
 34546 | Lair:3   | Received a gift from Okawaru
 34636 | Lair:3   | Reached skill level 20 in Bows
 34636 | Lair:3   | Reached skill level 10 in Fighting
 34932 | Spider:1 | Found a one-way gate to the infinite horrors of the Abyss.
 34932 | Spider:1 | Found a corrupted altar of Lugonu.
 35218 | Spider:1 | Noticed Nikola
 35238 | Spider:1 | Killed Nikola
 35239 | Spider:1 | Reached XP level 17. HP: 84/103 MP: 17/24
 35497 | Spider:1 | Found a runed translucent door.
 35498 | Spider:1 | Noticed Stick's ghost (journeyman DjFE)
 35534 | Spider:1 | Killed Stick's ghost
 37495 | Spider:3 | Received a gift from Okawaru
 38414 | Spider:3 | Identified the +0 plate armour of Analysis {Contam Rampage
                  | Regen+ Int+6}
 38875 | Spider:4 | Entered Level 4 of the Spider Nest
 39865 | Spider:3 | Received a gift from Okawaru
 40324 | Spider:4 | Mangled by an emperor scorpion

Illustrated notes

Levels and vault maps discovered:
D:1:      pf_arrival_petrified_forest, layout_loops_cross
D:2:      layout_loops_ring, ebering_ecumenical_altar_abandoned
D:3:      layout_basic, nicolae_overflow_crystal_walls,
          nicolae_elyvilon_peaceful_grove
D:4:      layout_loops_ring, makhleb_blood_cavern_becter
D:5:      layout_rooms, uniq_blork_the_orc
D:6:      layout_basic, nicolae_overflow_quartered_altars,
          minmay_temple_entry_waves
D:7:      layout_gridville, nicolae_overflow_hidden_temple, enter_bailey_3,
          nicolae_ossuary_entry_ruins, bh_walls_and_bars, uniq_menkaure,
          uniq_duvessa
D:8:      layout_loops_cross, chequers_serial_rivers_room_a
D:9:      layout_cave_pools, david_orc_4, serial_shops, nicolae_shop_stone,
          dk_noncrumbling_2, item_on_display_a, uniq_grum
D:10:     layout_basic, lair_entry_dummy, serial_shops, shop
D:11:     layout_roguey, serial_shops, shop, uniq_sonja
D:12:     layout_irregular_city, uniq_urug
D:13:     layout_basic, grunt_vaults_entry_fortified, serial_shops,
          nicolae_shop_behind_doors
D:14:     layout_loops_ring, nicolae_qazlal_general_emergency
D:15:     gammafunk_enter_depths_forms, layout_loops_cross,
          kennysheep_okawaru_gauntlet, uniq_josephine, uniq_nessos
Temple:   eino_temple_water
Lair:1:   layout_chaotic_city, hangedman_lair_generics_rect, grunt_megastairs_5
Lair:2:   layout_regular_city, minmay_shoals_entry_centaurs,
          lemuel_centaur_altar
Lair:3:   layout_gridlike, spider_nest_entry_a, grunt_megastairs_4,
          infiniplex_staircase_pool, serial_bayou_shore_a
Lair:4:   layout_small_grid, infiniplex_staircase_pool_2
Lair:5:   layout_gridlike
Lair:6:   minmay_lair_end_frog_pond, layout_cave_pods,
          nicolae_slime_entry_slimehenge, chequers_serial_rivers_room_b,
          disabler_island
Spider:1: layout_spider_delve, ebering_ghost_reflecting_pool,
          amcnicky_altar_lugonu_corruption, uniq_nikola
Spider:2: layout_spider_delve
Spider:3: layout_spider_delve
Spider:4: grunt_spider_rune_circles, guppyfry_spider_mini_2
Orc:1:    layout_caves, mines2_david
Orc:2:    pubby_orc_utopia, serial_shops

Skill      XL: |  1  2  3  4  5  6  7  8  9 10 11 12 13 14 15 16 17 |
---------------+----------------------------------------------------+-----
Staves         | 4 5 6 7 9 11 13 14 | 14.0
Bows           | 2 4 6 8 11 15 18 20 | 20.0
Invocations    | 3 4 5 7 9 10 | 10.0
Armour         | 2 4 6 7 9 |  9.2
Fighting       | 4 7 9 10 12 | 12.9
Dodging        | 3 4 5 6 9 |  9.0
Throwing       | |  1.7

Action                   |  1- 3 |  4- 6 |  7- 9 | 10-12 | 13-15 | 16-18 || total
-------------------------+-------+-------+-------+-------+-------+-------++-------
Melee: Quarterstaff      |   122 |    98 |       |       |       |   409 ||   629
       Whip              |       |    21 |   302 |   632 |  1550 |   606 ||  3111
       Punch             |       |       |     4 |     4 |    19 |     6 ||    33
       Longbow           |       |       |       |       |     1 |       ||     1
 Fire: Longbow           |       |       |       |    54 |   387 |   357 ||   798
Throw: Throwing net      |     1 |     1 |     2 |     4 |     1 |     1 ||    10
       Dart              |       |     3 |     1 |       |       |       ||     4
Invok: Heroism           |       |       |     3 |     5 |    15 |     8 ||    31
       Finesse           |       |       |       |     1 |    11 |     6 ||    18
Evoke: Wand              |       |       |       |     2 |     2 |       ||     4
  Use: Scroll            |       |     6 |     9 |    17 |     9 |     6 ||    47
       Potion            |       |       |     4 |     2 |     3 |     4 ||    13
 Stab: Held in net/web   |       |       |     2 |     4 |     4 |       ||    10
       Petrified         |       |       |       |     1 |       |       ||     1
Armor: Leather armour    |    38 |    12 |       |       |       |       ||    50
       Chain mail        |       |    36 |   139 |       |       |       ||   175
       Plate armour      |       |       |    21 |   391 |   843 |   989 ||  2244
       Skin              |       |       |    13 |       |       |       ||    13
Dodge: Dodged            |    75 |    57 |   139 |   247 |   765 |   750 ||  2033

Table legend: (Time is in decaauts)
 A = Elapsed time spent in this place.
 B = Non-inter-level travel time spent in this place.
 C = Inter-level travel time spent in this place.
 D = Time resting spent in this place.
 E = Time spent auto-exploring this place.
 F = Levels seen in this place.
 G = Mean time per level.
                   A        B        C        D        E       F      G
               +--------+--------+--------+--------+--------+-----+--------+
         Total |  38579 |  37066 |   1513 |  14109 |  16388 |  30 | 1286.0 |
       Dungeon |  16256 |  15498 |    758 |   4737 |   8273 |  15 | 1083.7 |
        Temple |    255 |    210 |     45 |      0 |    209 |   1 |  255.0 |
          Lair |  10762 |  10471 |    291 |   4469 |   4245 |   6 | 1793.7 |
   Spider Nest |   5336 |   5216 |    120 |   2412 |   1748 |   4 | 1334.0 |
  Orcish Mines |   4150 |   3851 |    299 |   1473 |   1539 |   2 | 2075.0 |
       Ossuary |    152 |    152 |      0 |      0 |     75 |   1 |  152.0 |
        Bailey |   1665 |   1665 |      0 |   1016 |    299 |   1 | 1665.0 |
               +--------+--------+--------+--------+--------+-----+--------+

Top non-repeatable levels by time:
  Lair:3: 3353 daAuts
   Orc:2: 3246 daAuts
Spider:3: 2387 daAuts
  Lair:5: 2238 daAuts
    D:13: 2136 daAuts
Spider:1: 2027 daAuts
  Lair:6: 1984 daAuts
  Bailey: 1665 daAuts
     D:8: 1386 daAuts
    D:15: 1380 daAuts
     D:6: 1319 daAuts
    D:12: 1313 daAuts
  Lair:2: 1159 daAuts
    D:11: 1147 daAuts
    D:10: 1133 daAuts
